AoeStats
← Conquerors

Arena

507623779Analyzed
1v1 RM · 14d ago on Sep 19, 2026· 145m 19s· 2 players
Game mode
Random Map
Map size
Tiny (2 player)
Population
200
Speed
Normal
Resources
Standard
Victory
Conquest
Starting age
Dark Age
Ending age
Imperial Age
RankedLock teamsTeams togetherTeam positionsShared explorationLock speedFull tech treeHidden civsTurbo modeCheats
Victory
Defeat
🇨🇳 Britons · China
373
+15
🇮🇳 Jurchens · India
344
-15
Conquerors
1:08 Loom
13:06 Feudal Age
20:06 Castle Age
24:51 Pikeman
26:23 Wheelbarrow
27:55 Elite Skirmisher
48:58 Imperial Age
51:55 Chemistry
52:06 Capped Ram
80:59 Horse Collar
81:08 Double-Bit Axe
88:18 Heavy Plow
88:31 Bow Saw
95:09 Halberdier
97:56 Scale Barding Armor
98:02 Forging
115:26 Two-Man Saw
120:27 Crop Rotation
119:48 Light Cavalry
123:30 Hussar
128:00 Husbandry
129:29 Bloodlines
130:50 Iron Casting
UMMA KHAN
0:56 Loom
10:21 Feudal Age
11:50 Wheelbarrow
11:03 Double-Bit Axe
11:00 Horse Collar
11:20 Gold Mining
18:32 Castle Age
17:21 Scale Mail Armor
17:42 Forging
19:31 Bow Saw
19:23 Heavy Plow
20:02 Gold Shaft Mining
20:13 Squires
21:35 Hand Cart
22:14 Fervor
22:06 Town Watch
25:15 Chain Mail Armor
26:11 Iron Casting
27:19 Fortified Wall
26:50 Treadmill Crane
32:02 Imperial Age
29:57 Stone Mining
30:44 Town Patrol
33:22 Yeomen
33:23 Conscription
33:18 Padded Archer Armor
33:09 Fletching
33:51 Plate Mail Armor
34:22 Blast Furnace
33:00 Pikeman
34:55 Bodkin Arrow
35:16 Leather Archer Armor
35:30 Guilds
36:25 Two-Man Saw
36:10 Warwolf
37:17 Hoardings
37:51 Elite Longbowman
39:20 Ring Archer Armor
38:51 Bracer
38:34 Onager
40:17 Scale Barding Armor
40:25 Siege Engineers
40:42 Ballistics
40:17 Sappers
42:12 Chain Barding Armor
43:01 Chemistry
41:57 Murder Holes
41:53 Guard Tower
43:25 Herbal Medicine
43:31 Devotion
43:45 Masonry
43:26 Heated Shot
45:09 Halberdier
47:11 Architecture
46:28 Arrowslits
47:52 Keep
52:31 Arson
52:08 Elite Skirmisher
53:25 Plate Barding Armor
54:42 Husbandry
54:03 Light Cavalry
54:03 Cavalier
56:50 Faith
70:11 Heavy Scorpion
70:11 Capped Ram
73:53 Gambesons
73:29 Man-at-Arms
73:32 Crossbowman
80:58 Long Swordsman
83:24 Sanctity
83:30 Illumination
83:21 Block Printing
83:41 Theocracy
99:02 Two-Handed Swordsman
113:02 Champion
119:42 Arbalester
124:45 Heavy Cavalry Archer
Connection lost

Rejoining the realm…

Still unreachable

The connection could not be restored.

Session expired

The server has moved on; the page needs a fresh start.